Map: [ESL] Cosmic Sapphire

Players

NightPhoenix

  • Race: Protoss Protoss
  • Spawn Location: 11:00

Harstem - Winner!

  • Race: Protoss Protoss
  • Spawn Location: 5:00

Event: DreamHack SC2 Masters 2022 Atlanta (Online)

VOD

Have the link to the VOD?

Description

Time

  • Played on: Oct. 1, 2022, 10:53 a.m.
  • Length: 7:12

All games in this series

Show
View Real Time Build Order
Export as new Build Order

NightPhoenix Protoss 

Build Orders: Oracle Opening 

Get SALT Encoding   

  12  0:00  Probe  
  13  0:12  Probe  
  14  0:17  Pylon  
  14  0:24  Probe (Chrono Boost)  
  15  0:36  Gateway, Probe (Chrono Boost)  
  16  0:45  Probe (Chrono Boost), Assimilator  
  17  0:51  Probe  
  17  0:54  Assimilator  
  18  1:03  Probe (Chrono Boost)  
  19  1:07  Gateway  
  19  1:13  Probe (Chrono Boost)  
  19  1:18  Probe (Chrono Boost)  
  20  1:24  Cybernetics Core  
  21  1:30  Probe  
  22  1:37  Pylon  
  22  1:42  Probe  
  23  1:55  Probe  
  24  2:01  Stalker  
  24  2:02  Warp Gate, Stalker  
  24  2:07  Probe  
  29  2:15  Pylon  
  29  2:25  Stargate  
  29  2:35  Adept  
  29  2:36  Adept  
  33  3:02  Nexus  
  33  3:06  Oracle (Chrono Boost)  
  33  3:11  Probe  
  37  3:25  Probe  
  37  3:26  Pylon  
  38  3:44  Oracle  
  39  3:49  Probe  
  39  3:51  Stalker x2  
  42  4:04  Probe (Chrono Boost), Pylon  
  43  4:10  Twilight Council  
  43  4:16  Probe (Chrono Boost)  
  45  4:18  Probe (Chrono Boost)  
  46  4:24  Probe (Chrono Boost)  
  46  4:27  Probe (Chrono Boost)  
  46  4:29  Gateway  
  46  4:31  Probe (Chrono Boost)  
  48  4:33  Probe  
  49  4:39  Blink (Chrono Boost)  
  49  4:42  Probe  
  49  4:45  Probe, Assimilator  
  51  4:49  Stalker  
  53  4:54  Probe  
  53  4:55  Stalker  
  56  5:04  Probe  
  56  5:07  Probe  
  58  5:15  Stalker  
  58  5:17  Pylon  
  60  5:26  Gateway, Probe  
  60  5:28  Probe  
  62  5:29  Gateway x2  
  62  5:33  Pylon  
  62  5:38  Gateway  
  62  5:44  Stalker  
  62  5:45  Stalker  
  62  5:49  Stalker  
  68  5:56  Probe x2  
  67  6:09  Stalker x2  
  71  6:11  Pylon  
  69  6:22  Gateway  
  69  6:23  Gateway  
  69  6:25  Pylon  
  66  6:37  Stalker x4  
  66  6:38  Stalker x2  
  76  6:56  Probe x2  
  76  6:58  Nexus  
  76  6:59  Pylon  
Show
View Real Time Build Order
Export as new Build Order

Harstem Protoss - Winner!

Build Orders: Phoenix Opening 

Get SALT Encoding   

  12  0:00  Probe  
  13  0:12  Probe  
  14  0:17  Pylon  
  14  0:24  Probe (Chrono Boost)  
  15  0:37  Probe (Chrono Boost), Gateway  
  16  0:45  Probe (Chrono Boost)  
  16  0:46  Assimilator  
  17  0:51  Probe  
  17  0:54  Assimilator  
  18  1:03  Probe (Chrono Boost)  
  19  1:07  Gateway  
  19  1:12  Probe (Chrono Boost)  
  19  1:17  Probe (Chrono Boost)  
  20  1:24  Cybernetics Core  
  21  1:29  Probe  
  22  1:37  Pylon  
  22  1:41  Probe  
  23  1:55  Probe  
  23  1:59  Warp Gate (Chrono Boost)  
  23  2:00  Stalker  
  26  2:22  Nexus  
  26  2:26  Sentry  
  28  2:33  Pylon  
  28  2:35  Probe  
  29  2:41  Stalker  
  31  2:51  Probe  
  32  2:52  Sentry  
  32  2:54  Shield Battery  
  34  2:59  Phoenix  
  34  3:03  Probe  
  35  3:11  Stalker (Chrono Boost)  
  37  3:16  Probe  
  37  3:18  Twilight Council  
  38  3:28  Probe  
  39  3:40  Shield Battery, Probe  
  40  3:42  Stalker  
  40  3:43  Probe  
  40  3:47  Stalker  
  43  3:54  Probe  
  44  3:56  Probe  
  44  4:00  Blink (Chrono Boost)  
  44  4:06  Probe (Chrono Boost)  
  44  4:09  Probe (Chrono Boost)  
  46  4:12  Sentry  
  46  4:16  Pylon  
  48  4:18  Probe (Chrono Boost)  
  48  4:19  Stalker  
  48  4:21  Probe (Chrono Boost)  
  52  4:26  Probe (Chrono Boost)  
  52  4:27  Probe (Chrono Boost)  
  52  4:29  Phoenix  
  54  4:34  Probe, Pylon  
  54  4:35  Robotics Facility, Probe  
  56  4:47  Phoenix  
  56  4:48  Probe  
  57  4:53  Nexus, Probe  
  57  4:57  Assimilator  
  58  5:00  Stalker  
  58  5:03  Probe  
  58  5:05  Probe, Pylon  
  62  5:09  Stalker  
  64  5:15  Probe  
  64  5:17  Probe  
  64  5:18  Pylon  
  66  5:22  Observer (Chrono Boost)  
  66  5:24  Stalker  
  66  5:27  Probe  
  70  5:29  Probe  
  70  5:34  Stalker  
  73  5:37  Observer  
  73  5:39  Probe  
  73  5:41  Shield Battery  
  73  5:42  Probe  
  76  5:48  Gateway  
  76  5:50  Gateway  
  72  5:58  Phoenix  
  72  6:00  Stalker x2  
  72  6:04  Immortal (Chrono Boost), Probe  
  77  6:06  Probe  
  82  6:12  Probe  
  82  6:13  Observer  
  82  6:16  Probe  
  84  6:20  Shield Battery  
  84  6:26  Stalker  
  84  6:27  Stalker  
  84  6:29  Observer  
  84  6:30  Probe  
  84  6:31  Probe  
  90  6:34  Probe  
  89  6:40  Gateway  
  89  6:42  Probe  
  89  6:43  Probe  
  89  6:45  Forge  
  89  6:46  Pylon  
  95  6:52  Stalker x2  
  99  6:58  Stalker  
Tags
 
Add a new tag
Caveats
  • Supply blocks, unpowered buildings, or Contaminate may cause inaccurate times.
  • Supply counts are checked every 10 seconds.